 Dungeon Crawl Stone Soup version 0.31-a0-1118-gbca3d03946 (webtiles) character file.

Game seed: 14821571185764707719

14 Crownlay the Slasher (level 2, -1/28 HPs)
             Began as a Naga Berserker on Dec 4, 2023.
             Was a Follower of Trog.
             Slain by a kobold
             ... wielding a +0 short sword
              (5 damage)
             ... on level 1 of the Dungeon.
             The game lasted 00:01:00 (317 turns).

Crownlay the Slasher (Naga Berserker)                Turns: 317, Time: 00:01:01

Health: -1/28      AC:  1    Str: 19    XL:     2   Next: 41%
Magic:  2/2        EV:  9    Int:  7    God:    Trog [*.....]
Gold:   93         SH:  0    Dex: 10    Spells: 1/1 levels left

rFire   . . .        a - +0 falchion
rCold   . . .        (no shield)
rNeg    . . .        b - +0 animal skin
rPois   +            (no helmet)
rElec   .            (no cloak)
rCorr   .            (no gloves)
SInv    +            (no barding)
Will    .....        (no amulet)
Stlth   ++           (no ring)
HPRegen 0.24/turn    (no ring)
MPRegen 0.08/turn

%: no passive effects
@: very slow
A: AC +0, large, see invisible, deformed body, poison resistance, slowness 2,
spit poison 1, naga tail 1
a: Spit Poison, Renounce Religion, Berserk


You were on level 1 of the Dungeon.
You worshipped Trog.
Trog was aware of your devotion.
You visited 1 branch of the dungeon, and saw 1 of its levels.

You collected 93 gold pieces.

Inventory:

Hand Weapons
 a - a +0 falchion (weapon)
Missiles
 d - 3 boomerangs (quivered)
Armour
 b - a +0 animal skin (worn)
Scrolls
 e - 3 scrolls of enchant weapon {unknown}
 f - a scroll of vulnerability {unknown}
Potions
 c - a potion of lignification {unknown}


   Skills:
 + Level 3.1 Fighting
 * Level 3.3 Long Blades
 - Level 1.5 Armour
 + Level 1.7 Dodging
 * Level 1.5 Stealth


You had one spell level left.
You didn't know any spells.
Your spell library was empty.

Dungeon Overview and Level Annotations

Branches:
Dungeon (1/15)

Altars:


Innate Abilities, Weirdness & Mutations

Your serpentine skin is tough. (AC +0)
You have supernaturally acute eyesight. (SInv)
Armour fits poorly on your strangely shaped body.
Your system is resistant to poisons. (rPois)
You cover ground very slowly.
You can spit poison.
You have a snake-like lower body.


Message History

The goblin is heavily wounded.
The kobold closely misses you. The goblin barely misses you.
You closely miss the goblin.
The goblin is heavily wounded.
The kobold barely misses you. The goblin hits you with a +0 dagger.
You hit the goblin.
The goblin is severely wounded.
The goblin hits you with a +0 dagger. The kobold barely misses you.
You hit the goblin.
You kill the goblin!
Trog accepts your kill.
The kobold hits you with a +0 short sword.
You are too injured to fight recklessly!
You are too injured to fight recklessly!
You are too injured to fight recklessly!
You are too injured to fight recklessly!
You are too injured to fight recklessly!
You are too injured to fight recklessly!
You are too injured to fight recklessly!
You are too injured to fight recklessly!
You are too injured to fight recklessly!
You are too injured to fight recklessly!
You are too injured to fight recklessly!
You are too injured to fight recklessly!
You are too injured to fight recklessly!
You are too injured to fight recklessly!
You are too injured to fight recklessly!
The kobold barely misses you.
You closely miss the kobold.
The kobold hits you with a +0 short sword.
* * * LOW HITPOINT WARNING * * *
You hit the kobold.
The kobold is heavily wounded.
The kobold barely misses you.
The kobold hits you with a +0 short sword.
* * * LOW HITPOINT WARNING * * *
You closely miss the kobold. You punch the kobold, but do no damage.
The kobold is heavily wounded.
The kobold hits you with a +0 short sword.
You die...

#.# #.#
##################.
#.# #.# .# #.##.
#.# #.# .# #....
#.# #.# .# ####.
#.# #.# .# #.
#.####.#### .# #.
#.#.......# ##.##
#.
#)#.......###...#
####.
#..........@KJ#
#....
###.......###)..#
#.### #.......#
##.## #.# #.......#
... #.# #.......#
###. #.# #########
.# #.# # #.# ...
...


You could see an endoplasm and a kobold.

Vanquished Creatures
  A ball python (D:1)
  A bat (D:1)
  2 endoplasms (D:1)
  A giant cockroach (D:1)
  2 goblins (D:1)
  2 hobgoblins (D:1)
  2 kobolds (D:1)
11 creatures vanquished.

Notes
Turn   | Place    | Note
-------+----------+-------------------------------------------
     0 | D:1      | Crownlay the Naga Berserker began the quest for the Orb.
     0 | D:1      | Reached XP level 1. HP: 21/21 MP: 1/1
   130 | D:1      | Reached skill level 1 in Stealth
   130 | D:1      | Reached XP level 2. HP: 9/28 MP: 2/2
   317 | D:1      | Slain by a kobold

Illustrated notes

Levels and vault maps discovered:
D:1:      ncdulo_halloftheorcs, layout_loops_ring

Skill      XL: |  1 |
---------------+----+-----
Stealth        | 1 |  1.5
Fighting       | |  3.1
Long Blades    | |  3.3
Armour         | |  1.5
Dodging        | |  1.7

Action                     || total
---------------------------++-------
  Melee: Falchion          ||    27
         Punch             ||     1
  Throw: Boomerang         ||     6
Ability: Spit Poison       ||     1
 Armour: Animal skin       ||    25
  Dodge: Dodged            ||    18

Table legend: (Time is in decaauts)
 A = Elapsed time spent in this place.
 B = Non-inter-level travel time spent in this place.
 C = Inter-level travel time spent in this place.
 D = Time resting spent in this place.
 E = Time spent auto-exploring this place.
 F = Levels seen in this place.
 G = Mean time per level.
                   A        B        C        D        E       F      G
               +--------+--------+--------+--------+--------+-----+--------+
         Total |    400 |    400 |      0 |      0 |    311 |   1 |  400.0 |
       Dungeon |    400 |    400 |      0 |      0 |    311 |   1 |  400.0 |
               +--------+--------+--------+--------+--------+-----+--------+

Top non-repeatable levels by time:
     D:1: 400 daAuts
